 Dungeon Crawl Stone Soup version 0.24-a0-165-g1b465fe (webtiles) character file.

Game seed: 12265197714574558102

30555 Gunnerkreig the Destroyer (level 13, -7/114 HPs)
             Began as a Pale Draconian Wizard on Mar 6, 2019.
             Was a High Priest of Vehumet.
             Mangled by a blink frog (17 damage)
             ... on level 6 of the Lair of Beasts on Mar 7, 2019.
             The game lasted 02:53:49 (23744 turns).

Gunnerkreig the Destroyer (Pale Draconian Wizard)  Turns: 23744, Time: 02:53:53

Health: -7/114     AC:  9    Str: 11    XL:     13   Next: 21%
Magic:  12/26      EV: 15    Int: 22    God:    Vehumet [*****.]
Gold:   1101       SH:  4    Dex: 10    Spells: 4/31 levels left

rFire    . . .     SeeInvis .   e - staff of energy
rCold    + . .     Gourm    .   g - +0 buckler
rNeg     . . .     Faith    .   (armour unavailable)
rPois    .         Spirit   .   a - +1 hat
rElec    .         Reflect  .   t - scarf {repulsion}
rCorr    .         Harm     .   (no gloves)
MR       .....                  (no boots)
Stlth    +++.......             z - amulet of magic regeneration
HPRegen  0.29/turn              B - ring of stealth
MPRegen  0.45/turn              S - ring of protection from cold

@: repel missiles
A: breathe steam, unfitting armour, cold-blooded, AC +8
a: Breathe Steam, Renounce Religion


You were on level 6 of the Lair of Beasts.
You worshipped Vehumet.
Vehumet was extremely pleased with you.
You were not hungry.

You visited 3 branches of the dungeon, and saw 18 of its levels.

You collected 1101 gold pieces.

Inventory:

Hand Weapons
 j - a +2 short sword of holy wrath
 x - a +1 whip of venom
 Q - a +3 whip of protection
Missiles
 P - a throwing net (quivered)
Armour
 a - a +1 hat (worn)
 g - a +0 buckler (worn)
 t - a scarf of repulsion (worn)
Magical Staves
 e - an uncursed staff of energy (weapon)
 w - an uncursed staff of wizardry
Jewellery
 n - a +5 amulet of reflection
 z - an amulet of magic regeneration (around neck)
 B - a ring of stealth (left hand)
 S - a ring of protection from cold (right hand)
 T - an uncursed amulet of regeneration
Wands
 k - a wand of iceblast (9)
 F - a wand of flame (53)
 G - a wand of acid (10)
 K - a wand of digging (3)
 N - a wand of paralysis (6)
 U - a wand of clouds (4)
Scrolls
 l - a scroll of enchant weapon
 o - 3 scrolls of remove curse
 q - 2 scrolls of magic mapping
 v - 2 scrolls of blinking
 A - 8 scrolls of teleportation
 C - 3 scrolls of identify
 E - a scroll of summoning
 H - 3 scrolls of enchant armour
 L - 4 scrolls of immolation
 M - a scroll of acquirement {unknown}
 R - a scroll of fog {unknown}
Potions
 b - a potion of brilliance
 h - 7 potions of might
 i - 2 potions of berserk rage
 p - 2 potions of flight
 r - a potion of resistance
 s - a potion of lignification
 u - 2 potions of ambrosia
 I - 2 potions of mutation
 O - a potion of haste
Miscellaneous
 J - a lamp of fire
Comestibles
 c - 25 rations
 d - 3 chunks of flesh


   Skills:
 + Level 10.5 Fighting
 - Level 1.0 Short Blades
 - Level 1.7(2.0) Maces & Flails
 - Level 1.2(1.7) Staves
 + Level 7.5 Dodging
 - Level 1.7 Stealth
 - Level 4.0 Shields
 + Level 9.5 Spellcasting
 - Level 12.0 Conjurations
   Level 1.0 Summonings
 - Level 1.0 Translocations
 * Level 6.1 Fire Magic
 - Level 4.9 Air Magic
 - Level 2.3 Earth Magic
 - Level 2.1 Poison Magic
 - Level 6.0 Evocations


You had 4 spell levels left.
You knew the following spells:

 Your Spells              Type           Power        Failure   Level  Hunger
a - Magic Dart            Conj           ####         1%          1    None
b - Conjure Flame         Conj/Fire      ######..     1%          3    None
c - Mephitic Cloud        Conj/Pois/Air  #####...     1%          3    None
d - Blink                 Tloc           N/A          6%          2    None
e - Stone Arrow           Conj/Erth      #####.       1%          3    None
f - Shock                 Conj/Air       ####         1%          1    None
g - Searing Ray           Conj           ######       1%          2    None
h - Ignite Poison         Fire/Tmut/Pois ###.....     1%          3    None
r - Fireball              Conj/Fire      ######....   1%          5    None
s - Sticky Flame          Conj/Fire      ######..     1%          4    None

Your spell library contained the following spells:

 Spells                   Type           Power        Failure   Level  Hunger
 Lightning Bolt           Conj/Air       #####.....   1%          5    None
 Flame Tongue             Conj/Fire      #####        1%          1    None
 Sandblast                Erth           ###...       1%          1    None
 Throw Flame              Conj/Fire      ######       1%          2    None
 Inner Flame              Hex/Fire       ###.....     1%          3    None
 Animate Skeleton         Necr           N/A          6%          1    None
 Pain                     Necr           ##..         6%          1    None
 Call Imp                 Summ           ##......     6%          2    None
 Passwall                 Tmut/Erth      ###.....     6%          2    None
 Slow                     Hex            ##......     10%         2    None
 Regeneration             Chrm/Necr      ##........   19%         3    None
 Vampiric Draining        Necr           ##........   19%         3    None
 Petrify                  Tmut/Erth      ###.....     36%         4    None
 Animate Dead             Necr           N/A          54%         4    None
 Lee's Rapid Deconstruct  Erth           ###.......   17%         5    None


Dungeon Overview and Level Annotations

Branches:
Dungeon (11/15)            Temple (1/1) D:6            Lair (6/6) D:10
 Shoals (0/4) Lair:4       Spider (0/4) Lair:3          Orc (0/2) D:10
  Slime: Lair:5-6

Altars:
Ashenzari
Cheibriados
Dithmenos
Elyvilon
Fedhas
Gozag
Hepliaklqana
Kikubaaqudgha
Makhleb
Nemelex Xobeh
Okawaru
Qazlal
Ru
Sif Muna
Trog
Uskayaw
Vehumet
Wu Jian
Xom
Yredelemnul
Zin
The Shining One

Shops:
D:5 =

Annotations:
D:4 ghost, shit loot, arlandor's ghost, amateur DrCK
D:6 ghost, 2headed ogre vault, pmoppi's ghost, novice OgTm


Innate Abilities, Weirdness & Mutations

You can breathe blasts of scalding, opaque steam.
Your pale cyan-grey scales are hard. (AC +8)
You cannot fit into any form of body armour.
You are cold-blooded and may be slowed by cold attacks.


Message History

Aiming: Stone Arrow (safe; 1% risk of failure)
Press: ? - help, Shift-Dir - straight line, f/p - blink frog
Aim: a blink frog The stone arrow hits the blink frog!
The blink frog is moderately wounded.
The blink frog hits you!
* * * LOW HITPOINT WARNING * * *
Casting: Stone Arrow (safe; 1% risk of failure)
Confirm with . or Enter, or press ? or * to list all spells.
Aiming: Sticky Flame (safe; 1% risk of failure)
Press: ? - help, Shift-Dir - straight line, f/p - blink frog
Aim: a blink frog (moderately wounded)
The sticky flame hits the blink frog!
The blink frog is heavily wounded.
The blink frog is covered in liquid flames!
The blink frog burns!
The blink frog hits you!
* * * LOW HITPOINT WARNING * * *
The blink frog is engulfed in blazing flames.
The blink frog hits you!
You die...

.<......#
....##.†#
....###.###
P..F##....#
....#.....#######
.....#...#.##...#
.........†......#
...#...........☼##
###....†#....÷.F@#
#P..#..........F##
#..##...[$......#
.. ##P........PP#
. #.....[..P..P.#
..............F.#
(.)..............#
......#.P.......#.
..#######P.......


You could see 2 blink frogs.

Vanquished Creatures
  A catoblepas (Lair:3)
  3 hydras (Lair:1)
  Harold (D:10)
  A two-headed ogre (D:8)
  A queen ant (Lair:2)
  Pikel (D:7)
  7 black mambas
  A merfolk siren (Lair:4)
  9 spiny frogs
  2 rime drakes
  7 komodo dragons
  A tengu conjurer (D:10)
  A polar bear (Lair:4)
  A troll (D:9)
  Prince Ribbit (D:9)
  A slime creature (Lair:4)
  11 blink frogs
  5 hippogriffs
  13 yaks
  3 wyverns
  3 hungry ghosts (D:9)
  A vampire (D:10)
  A basilisk (Lair:3)
  A steam dragon (D:11)
  A warg (Lair:1)
  An acid dragon (D:10)
  Edmund (D:6)
  5 soldier ants (Lair:2)
  11 water moccasins
  10 porcupines
  5 sky beasts
  An ice beast (D:8)
  5 orc warriors
  4 slaves (D:7)
  2 black bears
  2 ogres
  3 phantoms
  7 centaurs
  14 wolves
  12 crocodiles
  2 big kobolds
  14 bullfrogs
  6 scorpions
  A water moccasin skeleton (D:7)
  3 wights (D:6)
  9 killer bees
  An electric eel (Lair:1)
  4 crimson imps
  A centaur zombie (D:9)
  2 quasits
  3 bullfrog skeletons
  3 orc priests
  A centaur skeleton (D:9)
  6 hounds
  7 jellies (Lair:4)
  3 iguanas
  6 hell rats (Lair:4)
  Natasha (thrice) (D:4)
  11 orc wizards
  14 worker ants
  A killer bee zombie (D:7)
  2 hound skeletons
  2 worker ant zombies
  Robin (D:3)
  4 gnolls (D:5)
  10 adders
  3 shadow imps
  11 oozes (Lair:4)
  An adder zombie (D:9)
  9 worms
  2 dart slugs
  7 leopard geckos
  39 orcs
  2 ball pythons
  6 giant cockroaches
  14 goblins
  9 hobgoblins
  11 jackals
  3 quokkas
  4 bats
  5 frilled lizards
  6 kobolds
  A leopard gecko skeleton (D:7)
  12 rats
  3 fungi
429 creatures vanquished.

Vanquished Creatures (others)
  A leopard gecko (D:4)
  A kobold (D:2)
  9 fungi
  11 plants
22 creatures vanquished.

Grand Total: 451 creatures vanquished

Notes
Turn   | Place    | Note
-------+----------+-------------------------------------------
     0 | D:1      | Gunnerkreig the Draconian Wizard began the quest for the
                  | Orb.
     0 | D:1      | Reached XP level 1. HP: 14/14 MP: 4/4
   376 | D:1      | Reached XP level 2. HP: 20/20 MP: 1/6
   556 | D:1      | Reached skill level 2 in Conjurations
   832 | D:1      | Reached XP level 3. HP: 26/26 MP: 1/7
  1325 | D:2      | Reached skill level 3 in Conjurations
  1804 | D:2      | Reached XP level 4. HP: 33/33 MP: 1/9
  2595 | D:3      | Found a shattered altar of Ashenzari.
  2655 | D:3      | Learned a level 3 spell: Conjure Flame
  2659 | D:3      | Learned a level 3 spell: Mephitic Cloud
  2662 | D:3      | Learned a level 2 spell: Blink
  2811 | D:3      | Reached skill level 4 in Conjurations
  2811 | D:3      | Reached XP level 5. HP: 32/38 MP: 1/10
  2949 | D:3      | Noticed Robin
  3105 | D:3      | Killed Robin
  3364 | D:4      | Found a runed translucent door.
  3368 | D:4      | Noticed arlandor's ghost (amateur DrCK)
  3538 | D:4      | Noticed a phantom
  3570 | D:4      | Killed a phantom
  3570 | D:4      | Reached skill level 1 in Fighting
  3570 | D:4      | Reached XP level 6. HP: 42/47 MP: 4/12
  3610 | D:4      | Reached skill level 1 in Fire Magic
  3610 | D:4      | Reached skill level 1 in Air Magic
  3685 | D:4      | HP: 2/47 [orc/+0 flail (4)]
  3706 | D:4      | HP: 2/47 [orc/exploding tomahawk (6)]
  3739 | D:4      | Noticed Natasha
  4654 | D:4      | Killed Natasha
  4787 | D:4      | Noticed Natasha
  4794 | D:4      | Killed Natasha
  4794 | D:4      | Reached skill level 1 in Staves
  4794 | D:4      | Reached skill level 5 in Conjurations
  4946 | D:4      | Noticed Natasha
  5472 | D:4      | Killed Natasha
  5472 | D:4      | Your scales start taking on a pale cyan-grey colour.
  5472 | D:4      | Reached XP level 7. HP: 53/53 MP: 6/13
  5504 | D:5      | Entered Level 5 of the Dungeon
  6044 | D:5      | Found a glowing golden altar of the Shining One.
  6178 | D:5      | Found Ewnuy's Jewellery Emporium.
  6746 | D:6      | Found a staircase to the Ecumenical Temple.
  6755 | Temple   | Entered the Ecumenical Temple
  7223 | D:6      | Reached skill level 6 in Conjurations
  7334 | D:6      | Noticed Edmund
  7352 | D:6      | Noticed pmoppi's ghost (novice OgTm)
  7352 | D:6      | Noticed a two-headed ogre
  7354 | D:6      | Found a transporter.
  7407 | D:6      | Reached XP level 8. HP: 63/63 MP: 9/14
  8052 | D:6      | Killed Edmund
  8052 | D:6      | Reached skill level 5 in Spellcasting
  8382 | D:7      | Reached skill level 7 in Conjurations
  8473 | D:7      | Found a sacrificial altar of Ru.
  8771 | D:7      | Found a radiant altar of Vehumet.
  8775 | D:7      | Became a worshipper of Vehumet
  8783 | D:7      | Noticed Pikel
  8799 | D:7      | Killed Pikel
  8799 | D:7      | Reached skill level 8 in Conjurations
  8799 | D:7      | Reached XP level 9. HP: 64/69 MP: 8/18
  9126 | D:7      | Reached skill level 1 in Short Blades
  9374 | D:7      | Reached skill level 9 in Conjurations
 10083 | D:8      | Found a hide-covered altar of Uskayaw.
 10154 | D:8      | Reached skill level 1 in Evocations
 10391 | D:8      | Noticed a two-headed ogre
 10453 | D:8      | Killed a two-headed ogre
 10453 | D:8      | Reached * piety under Vehumet
 10453 | D:8      | Offered knowledge of Shock by Vehumet.
 10453 | D:8      | Reached skill level 10 in Conjurations
 10453 | D:8      | Reached XP level 10. HP: 58/80 MP: 0/20
 10456 | D:8      | Learned a level 1 spell: Shock
 11841 | D:9      | Reached skill level 5 in Fighting
 11903 | D:9      | Reached ** piety under Vehumet
 11912 | D:9      | Offered knowledge of Throw Frost by Vehumet.
 12180 | D:9      | Noticed Prince Ribbit
 12187 | D:9      | Killed Prince Ribbit
 12375 | D:9      | Found a shadowy altar of Dithmenos.
 12465 | D:9      | Reached skill level 5 in Dodging
 13075 | D:10     | Entered Level 10 of the Dungeon
 13357 | D:10     | Found a sparkling altar of Nemelex Xobeh.
 13373 | D:10     | Noticed Harold
 13399 | D:10     | Killed Harold
 13834 | D:10     | Reached XP level 11. HP: 91/91 MP: 6/21
 13943 | D:10     | Found a staircase to the Lair.
 14011 | D:10     | Found a staircase to the Orcish Mines.
 14970 | D:11     | Offered knowledge of Searing Ray by Vehumet.
 15173 | Lair:1   | Entered Level 1 of the Lair of Beasts
 15173 | Lair:1   | Noticed a five-headed hydra
 15369 | Lair:1   | Reached skill level 11 in Conjurations
 15614 | Lair:1   | Learned a level 2 spell: Searing Ray
 15698 | Lair:1   | Noticed a five-headed hydra
 15707 | Lair:1   | Killed a five-headed hydra
 15865 | Lair:1   | Noticed a four-headed hydra
 15865 | Lair:1   | Reached *** piety under Vehumet
 15873 | Lair:1   | Killed a four-headed hydra
 16384 | Lair:1   | Killed a five-headed hydra
 16572 | Lair:1   | Reached skill level 5 in Evocations
 17227 | Lair:2   | Offered knowledge of Stone Arrow by Vehumet.
 17232 | Lair:2   | Learned a level 3 spell: Stone Arrow
 17502 | Lair:2   | Reached skill level 1 in Earth Magic
 17969 | Lair:2   | Reached XP level 12. HP: 89/103 MP: 7/24
 18245 | Lair:2   | Noticed a queen ant
 18258 | Lair:2   | Killed a queen ant
 18526 | Lair:2   | Got a transparent great mace
 18534 | Lair:2   | Identified the cursed +0 great mace of Uskayaw's Fury
                  | {flame, Fragile rN+ Int+2} (You found it on level 2 of the
                  | Lair of Beasts)
 18973 | Lair:2   | Reached skill level 12 in Conjurations
 19379 | Lair:3   | Reached skill level 1 in Poison Magic
 19470 | Lair:3   | Reached skill level 1 in Maces & Flails
 19540 | Lair:3   | Reached **** piety under Vehumet
 20011 | Lair:3   | Noticed a catoblepas
 20038 | Lair:3   | Killed a catoblepas
 20214 | Lair:3   | Offered knowledge of Ignite Poison by Vehumet.
 20219 | Lair:3   | Learned a level 3 spell: Ignite Poison
 20295 | Lair:3   | Found a hole to the Spider Nest.
 20426 | Lair:3   | Got a steaming long sword
 20427 | Lair:3   | Identified the +4 long sword "Puttargh" {slice, MR- Str+3
                  | Dex+4} (You found it on level 3 of the Lair of Beasts)
 21045 | Lair:4   | Learned a level 4 spell: Sticky Flame
 21051 | Lair:4   | Learned a level 5 spell: Fireball
 21756 | Lair:4   | Reached skill level 10 in Fighting
 21905 | Lair:4   | Found a staircase to the Shoals.
 21953 | Lair:4   | Reached ***** piety under Vehumet
 22206 | Lair:4   | Offered knowledge of Lightning Bolt by Vehumet.
 22734 | Lair:5   | Reached XP level 13. HP: 113/113 MP: 18/26
 22779 | Lair:5   | Reached skill level 5 in Fire Magic
 23659 | Lair:6   | Entered Level 6 of the Lair of Beasts
 23744 | Lair:6   | Mangled by a blink frog

Levels and vault maps discovered:
D:1:      dpeg_arrival_rhombi, layout_loops_cross
D:2:      layout_rooms, first_ration, minmay_misc_feat_chi
D:3:      layout_rooms, evilmike_ruin_ashenzari, uniq_robin
D:4:      layout_basic, ebering_ghost_reflecting_pool, uniq_natasha
D:5:      layout_rooms, kennysheep_mini, serial_shops,
          nicolae_shop_window_shopping, minmay_strange_pillars
D:6:      layout_gridville, minmay_temple_entry_statues_pillars,
          gammafunk_ghost_smash, minmay_splitting_lines, uniq_edmund
D:7:      layout_gridville, kennysheep_mini_moat, lemuel_doored_altar,
          uniq_pikel
D:8:      layout_gridville, lemuel_crystal_altar
D:9:      layout_long_grid, basic_altar, minmay_between, uniq_prince_ribbit1
D:10:     layout_roguey, erik_lair_dragon, orc_0_dummy,
          nemelex_diamond_rough_becter, uniq_harold
D:11:     layout_cave_pools, uniq_nergalle, uniq_erolcha
Temple:   dpeg_five_rooms_temple
Lair:1:   beast_lair_carwin_large_2, layout_regular_city, serial_bayou_shore_b,
          infiniplex_staircase_pool
Lair:2:   layout_chaotic_city, wad_woods_antlair, grunt_megastairs_1
Lair:3:   layout_gridlike, dummy_spider_entry, kennysheep_catoblepas_arena
Lair:4:   lemuel_slime, layout_long_grid, elwin_shoals_entry_rooms,
          grunt_megastairs_2
Lair:5:   layout_roguey, grunt_megastairs_5, lemuel_fruit_fields
Lair:6:   evilmike_catoblepas_cave, layout_misc_corridors,
          minmay_slime_entry_jelly_boxes, serial_bayou_shore_a

Skill      XL: |  1  2  3  4  5  6  7  8  9 10 11 12 13 |
---------------+----------------------------------------+-----
Conjurations   | 2 3 4 5 6 8 10 11 12 | 12.0
Spellcasting   | 4 6 7 8 9 |  9.5
Dodging        | 2 3 5 7 |  7.5
Fighting       | 1 3 4 6 8 10 | 10.5
Fire Magic     | 2 4 6 |  6.1
Air Magic      | 2 3 4 |  4.9
Staves         | 1 |  1.2
Short Blades   | 1 |  1.0
Evocations     | 2 3 5 6 |  6.0
Shields        | 3 4 |  4.0
Earth Magic    | 1 2 |  2.3
Poison Magic   | 2 |  2.1
Maces & Flails | 1 |  1.7
Stealth        | |  1.7
Summonings     | |  1.0
Translocations | |  1.0

Action                   |  1- 3 |  4- 6 |  7- 9 | 10-12 | 13-15 || total
-------------------------+-------+-------+-------+-------+-------++-------
Melee: Unarmed           |    25 |     3 |       |       |       ||    28
       Tailslap          |    10 |     3 |    11 |     4 |       ||    28
       Whip              |    40 |       |    16 |    29 |     1 ||    86
       Short sword       |    41 |    32 |    20 |       |       ||    93
       Quarterstaff      |       |    30 |    44 |       |       ||    74
       Staff             |       |       |    11 |    15 |       ||    26
Throw: Stone             |       |    13 |       |       |       ||    13
       Throwing net      |       |       |       |     2 |       ||     2
 Cast: Magic Dart        |    97 |   166 |   343 |   563 |    16 ||  1185
       Mephitic Cloud    |       |       |    21 |    27 |       ||    48
       Conjure Flame     |       |       |    14 |   135 |    16 ||   165
       Blink             |       |       |     6 |    23 |     2 ||    31
       Shock             |       |       |       |   274 |    29 ||   303
       Searing Ray       |       |       |       |    11 |       ||    11
       Stone Arrow       |       |       |       |    50 |    28 ||    78
       Fireball          |       |       |       |     7 |     5 ||    12
       Sticky Flame      |       |       |       |     6 |     9 ||    15
 Abil: Breathe Steam     |       |       |       |     4 |       ||     4
Evoke: Wand              |       |       |     5 |     5 |       ||    10
       Staff of energy   |       |       |       |    32 |    16 ||    48
  Use: Scroll            |     4 |     3 |     2 |    24 |       ||    33
       Potion            |       |     5 |       |     4 |     4 ||    13
 Stab: Confused          |       |       |     2 |     1 |       ||     3
  Eat: Chunk             |     2 |     7 |     8 |    32 |     4 ||    53
       Ration            |       |     1 |     3 |     2 |       ||     6
Armor: Skin              |    38 |    27 |    33 |    71 |     8 ||   177
Dodge: Dodged            |    65 |    48 |    93 |   239 |    28 ||   473
       Deflected         |       |       |     2 |    11 |       ||    13
Block: Other             |    17 |    12 |    16 |       |       ||    45
       Reflection        |       |     1 |     1 |     3 |       ||     5
       Buckler           |       |       |       |    85 |    11 ||    96

Table legend:
 A = Non-vault XP
 B = Vault XP
 C = Vault XP percentage of total XP
 D = Non-vault monster count
 E = Vault monster count
 F = Vault count percentage of total count
                 A         B        C        D         E       F
            +---------+---------+-------+---------+---------+-------
      Total |   35530 |    8121 |  18.6 |     356 |      68 |  16.0
            +---------+---------+-------+---------+---------+-------
        D:1 |      66 |       0 |   0.0 |      30 |       0 |   0.0
        D:2 |      56 |       0 |   0.0 |      25 |       0 |   0.0
        D:3 |     111 |      32 |  22.4 |      18 |      11 |  37.9
        D:4 |     450 |      36 |   7.4 |      17 |       1 |   5.6
        D:5 |     512 |       0 |   0.0 |      24 |       0 |   0.0
        D:6 |     424 |     158 |  27.1 |      13 |       1 |   7.1
        D:7 |    1199 |     641 |  34.8 |      22 |       1 |   4.3
        D:8 |    2632 |       0 |   0.0 |      28 |       0 |   0.0
        D:9 |    1700 |     897 |  34.5 |      30 |       6 |  16.7
       D:10 |    1974 |    1578 |  44.4 |      26 |       5 |  16.1
       D:11 |     449 |       0 |   0.0 |      11 |       0 |   0.0
     Lair:1 |    5369 |     622 |  10.4 |      19 |       5 |  20.8
     Lair:2 |    4417 |    2346 |  34.7 |      19 |      14 |  42.4
     Lair:3 |    4543 |       0 |   0.0 |      18 |       0 |   0.0
     Lair:4 |    5444 |    1072 |  16.5 |      30 |      20 |  40.0
     Lair:5 |    3287 |     739 |  18.4 |      16 |       4 |  20.0
     Lair:6 |    2897 |       0 |   0.0 |      10 |       0 |   0.0
            +---------+---------+-------+---------+---------+-------
